AoeStats
← Kloye

Black Forest

503542500Analyzed
4v4 RM · 1mo ago on Sep 1, 2026· 48m 25s· 8 players
Game mode
Random Map
Map size
Large (8 player)
Population
200
Speed
Normal
Resources
Standard
Victory
Conquest
Starting age
Dark Age
Ending age
Imperial Age
RankedLock teamsTeams togetherTeam positionsShared explorationLock speedFull tech treeHidden civsTurbo modeCheats
Victory
Defeat
🇨🇳 Koreans · China
1153
+13
🇲🇽 Aztecs · Mexico
1142
+13
🇲🇽 Poles · Mexico
1114
+14
🇲🇽 Bohemians · Mexico
1109
+15
🇺🇸 Georgians · United States
1152
-17
🇺🇸 Teutons · United States
1119
-16
🇺🇸 Bohemians · United States
1059
-13
🇺🇸 Vikings · United States
992
-10
lethcaro
3:31 Loom
12:53 Feudal Age
16:46 Castle Age
15:24 Horse Collar
16:25 Double-Bit Axe
16:48 Stone Mining
19:26 Wheelbarrow
21:21 Bow Saw
23:58 Town Watch
24:38 Heavy Plow
25:41 Hand Cart
26:13 Forging
26:04 Scale Mail Armor
26:12 Squires
25:58 Arson
27:08 Stone Shaft Mining
27:43 Town Patrol
30:02 Chain Mail Armor
30:22 Iron Casting
33:07 Imperial Age
33:39 Scale Barding Armor
33:29 Fletching
33:23 Treadmill Crane
33:54 Masonry
33:55 Fortified Wall
33:55 Siege Engineers
34:28 Plate Mail Armor
36:09 Blast Furnace
35:06 Bodkin Arrow
35:32 Chain Barding Armor
36:48 Conscription
36:54 Elite Obuch
39:37 Ballistics
42:40 Chemistry
41:35 Murder Holes
41:47 Siege Engineers
42:41 Crop Rotation
46:50 Bracer
47:24 Lechitic Legacy
47:41 Hoardings
47:19 Bloodlines
46:29 Light Cavalry
47:09 Husbandry
48:17 Winged Hussar
Full Random enjoyer
1:29 Loom
12:46 Feudal Age
16:34 Castle Age
14:26 Double-Bit Axe
20:36 Sanctity
21:16 Fervor
24:56 Wheelbarrow
24:55 Caravan
26:05 Bow Saw
27:15 Redemption
28:41 Hand Cart
29:26 Town Watch
29:26 Horse Collar
30:25 Padded Archer Armor
32:59 Imperial Age
32:27 Leather Archer Armor
32:14 Scale Mail Armor
32:24 Forging
34:31 Conscription
34:17 Wagenburg Tactics
35:03 Ring Archer Armor
34:50 Chain Mail Armor
36:17 Chemistry
35:27 Masonry
37:41 Hussite Reforms
37:04 Houfnice
43:00 Architecture
42:53 Ballistics
43:09 Coinage
42:50 Guilds
kiubi23cch
9:05 Feudal Age
18:47 Castle Age
17:29 Double-Bit Axe
19:35 Horse Collar
20:48 Forging
20:38 Scale Mail Armor
21:47 Heavy Plow
22:01 Loom
22:32 Bow Saw
27:31 Imperial Age
26:50 Redemption
27:31 Capped Ram
29:29 Sanctity
29:37 Illumination
29:58 Wheelbarrow
30:51 Block Printing
31:34 Hand Cart
31:07 Town Watch
31:56 Pikeman
33:47 Chain Mail Armor
34:07 Iron Casting
34:45 Atonement
35:25 Theocracy
35:01 Fervor
35:59 Stone Mining
35:53 Siege Ram
37:32 Plate Mail Armor
36:42 Eagle Warrior
38:35 Man-at-Arms
39:52 Crop Rotation
39:23 Herbal Medicine
40:07 Long Swordsman
40:33 Gambesons
41:15 Two-Handed Swordsman
42:50 Conscription
43:52 Gold Mining
46:39 Devotion
48:48 Faith
49:37 Blast Furnace
OceaN X
1:42 Loom
11:32 Feudal Age
17:22 Castle Age
16:25 Gold Mining
16:29 Double-Bit Axe
16:42 Horse Collar
19:36 Stone Mining
32:20 Wheelbarrow
31:31 Town Watch
32:19 Bow Saw
33:44 Murder Holes
33:31 Treadmill Crane
35:12 Fortified Wall
35:23 Ballistics
37:14 Masonry
38:13 Gold Shaft Mining
41:38 Imperial Age
39:24 Hand Cart
41:42 Stone Shaft Mining
41:17 Heavy Plow
42:44 Conscription
41:52 Elite War Wagon
42:28 Fletching
42:49 Forging
43:14 Eupseong
43:28 Heavy Rocket Cart
46:07 Two-Man Saw
45:25 Guilds
45:16 Caravan
45:47 Coinage
46:24 Pikeman
47:07 Squires
46:54 Gambesons
46:54 Arson
HazEy1
7:02 Loom
11:15 Feudal Age
11:52 Double-Bit Axe
11:51 Horse Collar
18:18 Castle Age
19:09 Heavy Plow
19:20 Bow Saw
21:22 Wheelbarrow
21:58 Gold Mining
22:05 Stone Mining
24:38 Scale Barding Armor
24:44 Forging
26:56 Chain Barding Armor
27:29 Iron Casting
27:09 Bloodlines
27:25 Husbandry
29:18 Hand Cart
32:39 Imperial Age
31:06 Stone Shaft Mining
32:46 Elite Monaspa
33:47 Conscription
34:03 Plate Barding Armor
34:30 Blast Furnace
33:15 Treadmill Crane
33:45 Masonry
33:43 Cavalier
34:46 Siege Engineers
35:42 Chemistry
35:03 Ballistics
35:40 Aznauri Cavalry
35:35 Onager
36:53 Crop Rotation
37:42 Padded Archer Armor
37:33 Fletching
37:35 Guard Tower
39:43 Architecture
38:59 Arrowslits
39:49 Keep
40:17 Bodkin Arrow
40:38 Leather Archer Armor
41:19 Siege Onager
42:25 Light Cavalry
43:15 Bracer
44:36 Hussar
46:48 Hoardings
LilCreamBoi
3:39 Loom
11:32 Feudal Age
17:22 Castle Age
17:43 Wheelbarrow
16:56 Double-Bit Axe
16:54 Horse Collar
21:46 Bow Saw
23:12 Padded Archer Armor
23:03 Fletching
24:25 Elite Skirmisher
26:28 Hand Cart
28:09 Leather Archer Armor
27:50 Bodkin Arrow
29:01 Chemistry
28:21 Ballistics
27:59 Town Watch
29:30 Treadmill Crane
30:02 Masonry
29:48 Murder Holes
30:32 Heavy Plow
30:45 Squires
30:31 Arson
30:09 Pikeman
30:55 Scale Mail Armor
31:05 Forging
34:18 Wagenburg Tactics
36:57 Imperial Age
34:55 Caravan
36:09 Chain Mail Armor
36:30 Iron Casting
38:15 Conscription
38:03 Hussite Reforms
37:20 Elite Hussite Wagon
38:55 Conscription
38:41 Hussite Reforms
38:00 Elite Hussite Wagon
39:14 Hussite Reforms
Kloye
2:00 Loom
15:40 Feudal Age
16:49 Double-Bit Axe
22:58 Castle Age
21:15 Horse Collar
21:24 Man-at-Arms
24:35 Bow Saw
23:54 Pikeman
23:58 Long Swordsman
24:47 Squires
24:56 Gold Mining
26:04 Gambesons
26:57 Heavy Plow
26:58 Stone Mining
29:49 Gold Shaft Mining
29:59 Forging
31:14 Scale Mail Armor
34:55 Iron Casting
34:11 Fletching
36:57 Imperial Age
34:23 Pikeman
34:49 Arson
37:24 Elite Skirmisher
38:03 Two-Handed Swordsman
39:04 Champion
40:48 Blast Furnace
41:32 Bodkin Arrow
41:52 Chain Mail Armor
42:53 Bracer
DanTheMan
0:42 Loom
13:54 Feudal Age
18:18 Castle Age
17:33 Double-Bit Axe
18:51 Horse Collar
19:25 Bow Saw
23:24 Forging
24:15 Squires
27:48 Wheelbarrow
39:25 Hand Cart
47:00 Bloodlines
Connection lost

Rejoining the realm…

Still unreachable

The connection could not be restored.

Session expired

The server has moved on; the page needs a fresh start.